 Dungeon Crawl Stone Soup version 0.31.0-32-g396128a36d (webtiles) character file.

Game seed: 4580008500685324162

1973 hawla the Arsonist (level 9, -7/38 (45) HPs)
             Began as a Deep Elf Fire Elementalist on Apr 17, 2024.
             Was an Initiate of Vehumet.
             Mangled by Jeremiah
             ... wielding a +3 trident of draining
              (11 damage)
             ... on level 6 of the Dungeon.
             The game lasted 00:11:23 (6059 turns).

hawla the Arsonist (Deep Elf Fire Elementalist)     Turns: 6059, Time: 00:11:24

HP:   -7/38 (45)    AC:  5    Str:  5    XL:     9   Next: 0%
MP:   1/15          EV: 27    Int: 25    God:    Vehumet [......]
Gold: 295           SH:  0    Dex: 15    Spells: 7/14 levels left

rFire   . . .        j - +3 rapier (drain)
rCold   . . .        (no shield)
rNeg    . . .        a - +0 robe
rPois   .            n - +0 helmet
rElec   .            (no cloak)
rCorr   .            q - +0 pair of gloves
SInv    .            h - +0 pair of boots
Will    .....        m - amulet of the acrobat
Stlth   ++           k - ring of wizardry
HPRegen 0.26/turn    (no ring)
MPRegen 0.14/turn

%: acrobat, wizardry (x1)
@: acrobatic, heavily drained
A: no striking features
a: Renounce Religion


You were on level 6 of the Dungeon.
You worshipped Vehumet.
Vehumet was noncommittal.
You visited 2 branches of the dungeon, and saw 7 of its levels.

You collected 295 gold pieces.

Inventory:

Hand Weapons
 j - a +3 rapier of draining (weapon)
Armour
 a - a +0 robe (worn)
 h - a +0 pair of boots (worn)
 n - a +0 helmet (worn)
 q - a +0 pair of gloves (worn)
Jewellery
 k - a ring of wizardry (left hand)
 m - an amulet of the acrobat (around neck)
Wands
 p - a wand of charming (2)
Scrolls
 f - a scroll of teleportation
 i - 2 scrolls of enchant armour
 o - a scroll of torment
 r - a scroll of poison
 u - a scroll of identify
 w - 2 scrolls of fear
Potions
 b - 2 potions of heal wounds {unknown}
 c - 3 potions of invisibility
 d - 3 potions of degeneration {unknown}
 e - a potion of attraction {unknown}
 g - 3 potions of curing {unknown}
 l - 2 potions of lignification {unknown}
 s - 3 potions of brilliance {unknown}
 t - a potion of ambrosia {unknown}
 v - a potion of mutation {unknown}


   Skills:
 - Level 0.2 Short Blades
 - Level 2.4 Dodging
 - Level 2.4 Stealth
 - Level 3.0 Spellcasting
 - Level 2.0 Conjurations
 + Level 13.0 Fire Magic


You had 7 spell levels left.
You knew the following spells:

 Your Spells              Type           Power      Damage    Failure   Level
a - Foxfire               Conj/Fire      100%       2x1d9     1%          1
b - Scorch                Fire           100%       2d9       1%          2
c - Flame Wave            Conj/Fire      41%        2d11      1%          4

Your spell library contained the following spells:

 Spells                   Type           Power      Damage    Failure   Level
 Inner Flame              Hex/Fire       36%        N/A       1%          3
 Volatile Blastmotes      Fire/Tloc      72%        2d16      1%          3
 Momentum Strike          Conj/Tloc      16%        3d8       4%          2
 Blink                    Tloc           6%         N/A       6%          2
 Lesser Beckoning         Tloc           6%         N/A       6%          2
 Ozocubu's Armour         Ice            3%         N/A       12%         3
 Metabolic Englaciation   Hex/Ice        1%         N/A       69%         5
 Sculpt Simulacrum        Ice/Alch       1%         N/A       99%         6


Dungeon Overview and Level Annotations

Branches:
Dungeon (6/15)             Temple (1/1) D:6

Altars:
Dithmenos
Elyvilon
Fedhas
Gozag
Kikubaaqudgha
Makhleb
Nemelex Xobeh
Okawaru
Ru
Sif Muna
Trog
Uskayaw
Vehumet
Wu Jian
Xom
Zin
The Shining One

Shops:
D:4 :

Annotations:
D:4 1 runed translucent door, Crazy Yiuf
D:6 Jeremiah


Message History

Casting: Scorch (safe; 1% risk of failure)
Confirm with . or Enter, or press ? or * to list all spells.
Casting: Flame Wave (dangerous; 1% risk of failure)
Press: ? - help, Dir - look around, f - activate A wave of flame ripples out!
The flame wave engulfs the butterfly!
You kill the butterfly!
The butterfly disappears in a burst of colours!
The flame wave engulfs the butterfly.
You kill the butterfly!
The butterfly disappears in a burst of colours! (Press . to intensify the flame waves.) Jeremiah hits you from afar with a +3 trident of draining.
You feel drained.
A wave of flame ripples out!
The flame wave engulfs the butterfly!
You kill the butterfly!
The butterfly disappears in a burst of colours!
The flame wave engulfs the butterfly!!
You kill the butterfly!
The butterfly disappears in a burst of colours!
The flame wave engulfs Jeremiah.
Jeremiah is burned terribly!
Jeremiah is heavily wounded.
The flame wave engulfs the butterfly!
You kill the butterfly!
The butterfly disappears in a burst of colours!
Jeremiah mumbles a slurred invocation.
Something smites you!
* * * LOW HITPOINT WARNING * * *
A wave of flame ripples out!
The flame wave engulfs the butterfly!
You kill the butterfly!
The butterfly disappears in a burst of colours!
The flame wave engulfs the butterfly!
You kill the butterfly!
The butterfly disappears in a burst of colours!
The flame wave engulfs Jeremiah but does no damage.
Jeremiah is heavily wounded.
You finish channelling waves of flame.
Jeremiah is no longer more vulnerable to fire.
Jeremiah hits you from afar with a +3 trident of draining!
You die...
Jeremiah asks, "Is it over?
Can I wake up now?"

.8888.## #..........#
.8..8.)# ##.........#
....88.## ####.....##
..#..8..# # ####..###
8....88.##.# ##...#
8..888.....# ##...#
8888...###..b########....#
.8...### ..........#....##
...### ....bFb@...#...#
.### ......b....##..# ##
...........##..#
##.........###.#
####......# #.# #......#
### #.###..# #. ####


You could see Jeremiah.

Vanquished Creatures
  Pikel (D:5)
  Grinder (D:4)
  Eustachio (D:4)
  A water moccasin (D:5)
  A sky beast (D:6)
  An ogre (D:5)
  A centaur (D:5)
  4 lemures (D:5)
  A phantom (D:5)
  Blork the orc (D:4)
  3 scorpions
  A hound (D:5)
  2 jellies
  A sleepcap (D:4)
  An iguana (D:4)
  An orc wizard (D:6)
  Natasha (D:2)
  18 adders
  3 white imps
  4 ufetubi (D:5)
  5 dart slugs
  3 ribbon worms
  4 orcs
  4 bats
  4 endoplasms
  3 giant cockroaches
  6 goblins
  3 hobgoblins
  2 jackals (D:4)
  6 kobolds
  4 quokkas
  15 ball pythons
  2 frilled lizards
  4 rats
113 creatures vanquished.

Vanquished Creatures (others)
  259 foxfires
259 creatures vanquished.

Grand Total: 372 creatures vanquished

Notes
Turn   | Place    | Note
-------+----------+-------------------------------------------
     0 | D:1      | hawla the Deep Elf Fire Elementalist began the quest for
                  | the Orb.
     0 | D:1      | Reached XP level 1. HP: 10/10 MP: 6/6
   151 | D:1      | Reached XP level 2. HP: 15/15 MP: 2/8
   242 | D:1      | Reached skill level 4 in Fire Magic
   450 | D:1      | Learned a level 2 spell: Scorch
  1059 | D:2      | Reached XP level 3. HP: 19/19 MP: 1/9
  1395 | D:2      | Reached skill level 5 in Fire Magic
  1420 | D:2      | Reached XP level 4. HP: 22/24 MP: 5/10
  1622 | D:2      | Noticed Natasha
  1631 | D:2      | Killed Natasha
  1725 | D:2      | Learned a level 4 spell: Flame Wave
  1989 | D:3      | Reached skill level 6 in Fire Magic
  1989 | D:3      | Reached XP level 5. HP: 28/28 MP: 7/11
  2522 | D:4      | Noticed Blork the orc
  2529 | D:4      | Killed Blork the orc
  2530 | D:4      | Reached skill level 7 in Fire Magic
  2530 | D:4      | Reached XP level 6. HP: 27/32 MP: 2/12
  2534 | D:4      | Noticed Eustachio
  2626 | D:4      | Noticed Grinder
  2632 | D:4      | Killed Grinder
  2633 | D:4      | Reached skill level 8 in Fire Magic
  2839 | D:4      | Killed Eustachio
  2840 | D:4      | Reached skill level 9 in Fire Magic
  2840 | D:4      | Reached XP level 7. HP: 28/36 MP: 0/13
  2985 | D:4      | Found a shimmering altar of Xom.
  3029 | D:4      | Found Hatatrir's Book Shop.
  3522 | D:4      | Found a runed translucent door.
  3523 | D:4      | Noticed Crazy Yiuf
  3582 | D:4      | Found an opulent altar of Gozag.
  3619 | D:4      | Found a sparkling altar of Nemelex Xobeh.
  3619 | D:4      | Found a glowing silver altar of Zin.
  3898 | D:5      | Entered Level 5 of the Dungeon
  3906 | D:5      | Reached skill level 10 in Fire Magic
  3971 | D:5      | Reached XP level 8. HP: 41/41 MP: 4/14
  4108 | D:5      | Reached skill level 11 in Fire Magic
  4657 | D:5      | Noticed Pikel
  4666 | D:5      | Killed Pikel
  4667 | D:5      | Reached skill level 12 in Fire Magic
  5231 | D:6      | Found a staircase to the Ecumenical Temple.
  5238 | Temple   | Entered the Ecumenical Temple
  5253 | Temple   | Became a worshipper of Vehumet
  5728 | D:6      | Reached skill level 13 in Fire Magic
  5728 | D:6      | Reached XP level 9. HP: 44/45 MP: 10/15
  5872 | D:6      | Noticed Jeremiah
  6059 | D:6      | Mangled by Jeremiah

Illustrated notes

Levels and vault maps discovered:
D:1:      minmay_arrival_hallway, layout_loops_ring, grunt_decor_resistance,
          minivault_5
D:2:      layout_basic, uniq_natasha
D:3:      layout_rooms
D:4:      layout_rooms, xom_teletrap_fun, gammafunk_temple_overflow_elements,
          kennysheep_mini, serial_shops, nicolae_shop_tiny_real_fake_doors,
          minmay_snake_closets, uniq_eustachio, uniq_blork_the_orc,
          uniq_grinder, uniq_crazy_yiuf_cottage
D:5:      layout_layer_cave, uniq_pikel
D:6:      minmay_skewed_foursquare, layout_cave_pods,
          minmay_temple_entry_enclosed_plants, uniq_jeremiah
Temple:   cyrus_circular_temple

Skill      XL: |  1  2  3  4  5  6  7  8 |
---------------+-------------------------+-----
Fire Magic     | 4 5 6 7 9 10 13 | 13.0
Conjurations   | 2 |  2.0
Short Blades   | |  0.2
Dodging        | |  2.4
Stealth        | |  2.4
Spellcasting   | |  3.0

Action                     |  1- 3 |  4- 6 |  7- 9 || total
---------------------------+-------+-------+-------++-------
  Melee: Unarmed           |     3 |       |       ||     3
         Rapier            |     4 |    14 |     9 ||    27
         Punch             |       |       |     1 ||     1
   Cast: Foxfire           |    45 |    54 |    44 ||   143
         Scorch            |     7 |    19 |    21 ||    47
         Flame Wave        |       |     1 |    12 ||    13
  Evoke: Wand              |       |       |     1 ||     1
    Use: Potion            |     1 |       |       ||     1
         Scroll            |       |     6 |     8 ||    14
   Stab: Sleeping          |       |       |     1 ||     1
 Armour: Robe              |    17 |    20 |    28 ||    65
  Dodge: Dodged            |    16 |    22 |    52 ||    90
